 Dungeon Crawl Stone Soup version 0.29.1-2-gbd0b4ee654 (webtiles) character file.

Game seed: 354921922157331375

163 safid the Shooter (level 5, 0/48 HPs)
             Began as a Minotaur Hunter on Oct 24, 2022.
             Succumbed to Sigmund's poison
             ... on level 3 of the Dungeon.
             The game lasted 00:07:03 (3682 turns).

safid the Shooter (Minotaur Hunter)                 Turns: 3682, Time: 00:07:04

Health: 0/48       AC:  6    Str: 16    XL:     5   Next: 20%
Magic:  0/4        EV: 10    Int:  6    God:
Gold:   127        SH:  0    Dex: 15    Spells: 4/4 levels left

rFire   . . .      SeeInvis .   a - +0 shortbow
rCold   . . .      Faith    .   (shield currently unavailable)
rNeg    . . .      Spirit   +   k - +0 scale mail
rPois   .          Reflect  .   (helmet restricted)
rElec   .          Harm     .   (no cloak)
rCorr   .          Rampage  .   (no gloves)
Will    .....                   (no boots)
Stlth   ..........              j - amulet of guardian spirit
HPRegen 0.16/turn               (no ring)
MPRegen 0.09/turn               (no ring)

@: confused, lethally poisoned (0 -> -28)
A: horns 2, retaliatory headbutt
a: no special abilities


You were on level 3 of the Dungeon.
You visited 1 branch of the dungeon, and saw 3 of its levels.

You collected 127 gold pieces.

Inventory:

Hand Weapons
 a - a +0 shortbow (weapon)
Armour
 k - a +0 scale mail (worn)
Jewellery
 j - an amulet of guardian spirit (around neck)
Wands
 p - a wand of polymorph (2)
Scrolls
 d - 4 scrolls of identify {unknown}
 e - a scroll of vulnerability {unknown}
 f - a scroll of amnesia {unknown}
 g - a scroll of fear {unknown}
 h - a scroll of blinking {unknown}
 i - a scroll of silence {unknown}
 o - 3 scrolls of teleportation {unknown}
Potions
 b - a potion of lignification {unknown}
 c - a potion of haste {unknown}
 l - a potion of brilliance {unknown}
 m - a potion of magic {unknown}
 n - a potion of might {unknown}
 q - a potion of degeneration {unknown}
 r - a potion of mutation {unknown}


   Skills:
 + Level 5.0 Fighting
 + Level 5.9 Ranged Weapons
 - Level 2.1 Dodging
 - Level 0.7 Stealth


You had 4 spell levels left.
You didn't know any spells.
Your spell library contained the following spells:

 Spells                   Type           Power      Damage    Failure   Level
 Sublimation of Blood     Necr           0%         N/A       96%         2
 Confusing Touch          Hex            0%         N/A       99%         3
 Petrify                  Tmut/Erth      0%         N/A       100%        4
 Irradiate                Conj/Tmut      0%         3d11      100%        5
 Yara's Violent Unravell  Hex/Tmut       0%         3d3       100%        5
 Enfeeble                 Hex            0%         N/A       100%        7


Dungeon Overview and Level Annotations

Branches:
Dungeon (3/15)

Altars:
Uskayaw

Shops:
D:3 (

Annotations:
D:3 1 runed translucent door, Crazy Yiuf, Sigmund


Innate Abilities, Weirdness & Mutations

You have a pair of horns on your head.
You reflexively headbutt those who attack you in melee.


Message History

The puff of flame hits you! Sigmund casts a spell at you.
The puff of flame hits you.
You shoot an arrow.
The arrow hits Sigmund but does no damage.
Sigmund is moderately wounded.
Sigmund hits you from afar with a +4 scythe of venom.
You are too injured to fight recklessly!
You are too injured to fight recklessly!
You are too injured to fight recklessly!
You are too injured to fight recklessly!
You are too injured to fight recklessly!
You climb upwards.
There is a stone staircase leading down here.
You start resting.
Magic restored.
You start resting.
HP restored.
You climb downwards.
Level annotation: 1 runed translucent door, Crazy Yiuf, Sigmund Sigmund hits you from afar with a +4 scythe of venom.
You are poisoned.
There is a stone staircase leading up, spattered with blood here.
You shoot an arrow. The arrow closely misses Sigmund.
You feel very sick. Sigmund looks at you with fury.
Sigmund gestures at you while chanting.
You are confused.
Sigmund hits you from afar with a +4 scythe of venom!
You are more poisoned.
You feel very sick.
In your confused state, you trip and fall back down the stairs.
You feel very sick.
Sigmund hits you from afar with a +4 scythe of venom.
You feel very sick.
Sigmund hits you from afar with a +4 scythe of venom!
* * * LOW HITPOINT WARNING * * *
You are more poisoned.
In your confused state, you trip and fall back down the stairs.
You die...

# #.............#......######.
###.######.###..#.....## ....#
#.# #........# ##### #.#
#........# ## #.# #........#
.###### #.###........###
.##...# #.#..@.........#
......## #.(........###.#######
.......#####....@)..# #.......#
..........####...##.###.#####.#
####.###### ########...# ###.#
#.# ##### #...### ####.#
#.#.[.. .....# ### #### #...###
####.# #)..#♣♣ ♣♣♣#))######..#
### #...+.♣♣♣♣PP)).........#
#...#♣..♣.PP)))#######.#


You could see Sigmund.

Vanquished Creatures
  Terence (D:3)
  7 adders
  2 worms
  A dart slug (D:1)
  2 orcs (D:3)
  3 ball pythons
  5 bats
  6 endoplasms
  6 giant cockroaches
  2 goblins
  5 hobgoblins (D:1)
  4 jackals (D:3)
  6 kobolds
  3 quokkas
  2 frilled lizards (D:1)
  6 rats
61 creatures vanquished.

Vanquished Creatures (others)
  A fungus (D:3)
1 creature vanquished.

Grand Total: 62 creatures vanquished

Notes
Turn   | Place    | Note
-------+----------+-------------------------------------------
     0 | D:1      | safid the Minotaur Hunter began the quest for the Orb.
     0 | D:1      | Reached XP level 1. HP: 18/18 MP: 0/0
   191 | D:1      | Reached XP level 2. HP: 25/25 MP: 1/1
   745 | D:2      | Reached skill level 5 in Ranged Weapons
   745 | D:2      | Reached XP level 3. HP: 31/31 MP: 2/2
   916 | D:2      | You fall into a shaft and drop 1 floor!
   935 | D:3      | Reached XP level 4. HP: 14/40 MP: 3/3
  1153 | D:3      | Found a hide-covered altar of Uskayaw.
  1180 | D:3      | Found Fatsust's Weapon Emporium.
  1451 | D:3      | Noticed Terence
  1455 | D:3      | Noticed Sigmund
  1610 | D:3      | Found a runed translucent door.
  1611 | D:3      | Noticed Crazy Yiuf
  2011 | D:3      | Killed Terence
  2012 | D:3      | Reached XP level 5. HP: 22/47 MP: 2/4
  2286 | D:3      | Reached skill level 5 in Fighting
  3682 | D:3      | Succumbed to Sigmund's poison

Illustrated notes

Levels and vault maps discovered:
D:1:      ebering_trefoil_3fold, layout_loops_ring
D:2:      layout_basic
D:3:      layout_loops_ring, lemuel_crystal_altar, serial_shops,
          nicolae_shop_bloodbath_and_beyond, st_stairs_7,
          kennysheep_generic_room_2, uniq_sigmund, uniq_terence,
          uniq_crazy_yiuf_cottage

Skill      XL: |  1  2  3  4  5 |
---------------+----------------+-----
Fighting       | 3 4 5 |  5.0
Ranged Weapons | 5 |  5.9
Dodging        | |  2.1
Stealth        | |  0.7

Action                   |  1- 3 |  4- 6 || total
-------------------------+-------+-------++-------
 Fire: Shortbow          |    90 |   121 ||   211
  Use: Potion            |     1 |       ||     1
Armor: Ring mail         |    10 |       ||    10
       Scale mail        |    22 |    24 ||    46
Dodge: Dodged            |    50 |    39 ||    89
